[Event "FIDE Chesscom Grand Swiss 2019"]
[Site "Douglas-Isle of Man"]
[Date "2019.10.14"]
[Round "5.6"]
[White "Nabaty, Tamir"]
[Black "L'Ami, Erwin"]
[Result "1-0"]
[ECO "C24"]
[WhiteElo "2658"]
[BlackElo "2619"]
[Annotator "RC"]
[PlyCount "59"]
[EventDate "2019.10.10"]
[EventType "swiss"]
[EventCountry "GBR"]
[SourceTitle "playchess.com"]
[Source "ChessBase"]
[SourceQuality "1"]
[TimeControl "40/6000+30:20/3000+30:900+30"]

1. e4 e5 2. Bc4 Nf6 3. d3 Nc6 4. a3 g6 5. Nc3 Bg7 6. f4 O-O 7. f5 gxf5 8. Bg5 Ne7 9. Qf3 c6 10. Nge2 d5 11. Bxf6 Bxf6 12. exd5 cxd5 13. Bxd5 Nxd5 14. Nxd5 Bg7 15. O-O Be6 16. c4 Kh8 17. Ng3 f4 18. Nh5 Qg5 19. Nxg7 Kxg7 20. d4 Bg4 21. Qc3 Be2 22. Rf2 f3 23. dxe5 Rae8 24. e6+ f6 25. e7 Rf7 26. Re1 b5 27. b3 bxc4 28. bxc4 Qg4 29. Nxf6 Rxf6 30. Rexe2 1-0

[Event "FIDE Chesscom Grand Swiss 2019"]
[Site "Douglas-Isle of Man"]
[Date "2019.10.14"]
[Round "5.8"]
[White "Shirov, Alexei"]
[Black "Sargissian, Gabriel"]
[Result "1-0"]
[ECO "C91"]
[WhiteElo "2664"]
[BlackElo "2690"]
[Annotator "RC"]
[PlyCount "91"]
[EventDate "2019.10.10"]
[EventType "swiss"]
[EventCountry "GBR"]
[SourceTitle "playchess.com"]
[Source "ChessBase"]
[SourceQuality "1"]
[TimeControl "40/6000+30:20/3000+30:900+30"]

1. e4 e5 2. Nf3 Nc6 3. Bb5 a6 4. Ba4 Nf6 5. O-O Be7 6. Re1 b5 7. Bb3 O-O 8. d4 d6 9. c3 Bg4 10. Be3 Bh5 11. h3 exd4 12. cxd4 Na5 13. Nbd2 Nxb3 14. axb3 d5 15. e5 Ne4 16. Qc2 Nxd2 17. Nxd2 c5 18. dxc5 d4 19. Bf4 Bg6 20. Qc1 a5 21. Nf3 Qd5 22. e6 Qxc5 23. Qd2 fxe6 24. Rxe6 Bf6 25. Be5 d3 26. Bxf6 Rxf6 27. Rxf6 gxf6 28. b4 Qd6 29. bxa5 b4 30. a6 Rxa6 31. Rxa6 Qxa6 32. Qxb4 Qa1+ 33. Kh2 Qc1 34. Kg3 Qc2 35. Qd4 Qc7+ 36. Qf4 Qb6 37. b4 Kf8 38. Nd2 Ke7 39. h4 Qb5 40. Qd4 Ke6 41. Kf4 Qh5 42. Nf3 Qh6+ 43. Kg3 Qc1 44. h5 Bf5 45. Qf4 Qc3 46. b5 1-0

[Event "FIDE Chesscom Grand Swiss 2019"]
[Site "Douglas-Isle of Man"]
[Date "2019.10.14"]
[Round "5.9"]
[White "Sevian, Samuel"]
[Black "Narayanan.S.L"]
[Result "1/2-1/2"]
[ECO "E21"]
[WhiteElo "2654"]
[BlackElo "2611"]
[Annotator "RC"]
[PlyCount "75"]
[EventDate "2019.10.10"]
[EventType "swiss"]
[EventCountry "GBR"]
[SourceTitle "playchess.com"]
[Source "ChessBase"]
[SourceQuality "1"]
[TimeControl "40/6000+30:20/3000+30:900+30"]

1. d4 Nf6 2. c4 e6 3. Nc3 Bb4 4. Nf3 O-O 5. Bg5 h6 6. Bh4 c5 7. Rc1 cxd4 8. Nxd4 d5 9. cxd5 g5 10. Bg3 Qxd5 11. e3 Qxa2 12. Qc2 Nd5 13. h4 Nxc3 14. bxc3 Qxc2 15. Rxc2 Be7 16. hxg5 hxg5 17. f4 Nc6 18. fxg5 Bxg5 19. Rh5 f6 20. Nf3 Bxe3 21. Re2 Bc1 22. Re4 e5 23. Bc4+ Kg7 24. Reh4 Kg6 25. Rh7 e4 26. Nd2 Ne5 27. R7h6+ Kg7 28. Rh7+ Kg6 29. R4h6+ Kf5 30. Rh5+ Kg6 31. R7h6+ Kg7 32. Rh7+ Kg6 33. R7h6+ Kg7 34. Bxe5 fxe5 35. Rh7+ Kg6 36. R7h6+ Kg7 37. Rh7+ Kg6 38. R7h6+ 1/2-1/2

[Event "FIDE Chesscom Grand Swiss 2019"]
[Site "Douglas-Isle of Man"]
[Date "2019.10.14"]
[Round "5.13"]
[White "Zvjaginsev, Vadim"]
[Black "Yilmaz, Mustafa"]
[Result "1/2-1/2"]
[ECO "D38"]
[WhiteElo "2644"]
[BlackElo "2595"]
[Annotator "RC"]
[PlyCount "82"]
[EventDate "2019.10.10"]
[EventType "swiss"]
[EventCountry "GBR"]
[SourceTitle "playchess.com"]
[Source "ChessBase"]
[SourceQuality "1"]
[TimeControl "40/6000+30:20/3000+30:900+30"]

1. d4 Nf6 2. c4 e6 3. Nf3 d5 4. Nc3 Bb4 5. Bg5 h6 6. Bxf6 Qxf6 7. Qa4+ Nc6 8. e3 O-O 9. Rd1 Qg6 10. h3 Bd7 11. Qb3 dxc4 12. Qxc4 Qc2 13. a3 Bxc3+ 14. Qxc3 Qxc3+ 15. bxc3 Rfd8 16. g4 Rac8 17. Rg1 Ne7 18. g5 hxg5 19. Rxg5 f6 20. Ra5 Nc6 21. Rb5 b6 22. Rb2 Na5 23. Ba6 Rb8 24. Be2 Kf7 25. c4 Ke7 26. Nd2 Rh8 27. Bf1 Rh5 28. c5 e5 29. dxe5 Rxe5 30. Rc1 Rh5 31. cxb6 cxb6 32. Rc7 Rb7 33. Rbc2 Kd8 34. R7c3 Rb8 35. Ne4 Rc8 36. Rxc8+ Bxc8 37. Rd2+ Ke7 38. Rc2 Kd8 39. Rd2+ Kc7 40. f4 Bb7 41. Rc2+ Kd8 1/2-1/2

[Event "FIDE Chesscom Grand Swiss 2019"]
[Site "Douglas-Isle of Man"]
[Date "2019.10.14"]
[Round "5.14"]
[White "Christiansen, Johan-Sebastian"]
[Black "Nguyen, Ngoc Truong Son"]
[Result "1/2-1/2"]
[ECO "B30"]
[WhiteElo "2558"]
[BlackElo "2638"]
[Annotator "RC"]
[PlyCount "39"]
[EventDate "2019.10.10"]
[EventType "swiss"]
[EventCountry "GBR"]
[SourceTitle "playchess.com"]
[Source "ChessBase"]
[SourceQuality "1"]
[TimeControl "40/6000+30:20/3000+30:900+30"]

1. e4 c5 2. Nf3 Nc6 3. Nc3 e5 4. Bc4 Be7 5. d3 d6 6. Nd2 Nf6 7. Nf1 Nd7 8. Nd5 Nb6 9. Nxb6 axb6 10. c3 O-O 11. h4 Be6 12. Bxe6 fxe6 13. Qg4 Qd7 14. h5 Rf7 15. Nh2 Na5 16. Rb1 Nc6 17. Ra1 Na5 18. Rb1 Nc6 19. Ra1 Na5 20. Rb1 1/2-1/2

[Event "FIDE Chesscom Grand Swiss 2019"]
[Site "Douglas-Isle of Man"]
[Date "2019.10.14"]
[Round "5.15"]
[White "Adly, Ahmed"]
[Black "Puranik, Abhimanyu"]
[Result "0-1"]
[ECO "A05"]
[WhiteElo "2636"]
[BlackElo "2571"]
[Annotator "RC"]
[PlyCount "74"]
[EventDate "2019.10.10"]
[EventType "swiss"]
[EventCountry "GBR"]
[SourceTitle "playchess.com"]
[Source "ChessBase"]
[SourceQuality "1"]
[TimeControl "40/6000+30:20/3000+30:900+30"]

1. Nf3 Nf6 2. e3 g6 3. b4 Bg7 4. Bb2 d5 5. d4 O-O 6. Be2 c6 7. O-O Nbd7 8. a4 a5 9. b5 c5 10. c4 b6 11. Ne5 Bb7 12. Nc6 Bxc6 13. bxc6 Nb8 14. dxc5 Nxc6 15. cxd5 Nxd5 16. Bxg7 Kxg7 17. Ra2 Ndb4 18. Rd2 Qb8 19. Qc1 bxc5 20. Qxc5 Rc8 21. Na3 Qa7 22. Qxa7 Nxa7 23. Nc4 Rc5 24. Rd7 Nac6 25. f4 Na2 26. Ra1 Nc3 27. Bf1 Rb8 28. Ra3 Ne4 29. Nd2 Nd6 30. Rd3 Rc2 31. Nb3 Rb4 32. Rc7 Rxa4 33. Rd2 Rc3 34. Rxd6 exd6 35. Nd4 Rxe3 36. Nxc6 Rc3 37. Bb5 Ra1+ 0-1

[Event "FIDE Chesscom Grand Swiss 2019"]
[Site "Douglas-Isle of Man"]
[Date "2019.10.14"]
[Round "5.16"]
[White "Zhang, Zhong"]
[Black "Baron, Tal"]
[Result "1-0"]
[ECO "A17"]
[WhiteElo "2636"]
[BlackElo "2531"]
[Annotator "RC"]
[PlyCount "75"]
[EventDate "2019.10.10"]
[EventType "swiss"]
[EventCountry "GBR"]
[SourceTitle "playchess.com"]
[Source "ChessBase"]
[SourceQuality "1"]
[TimeControl "40/6000+30:20/3000+30:900+30"]

1. Nf3 Nf6 2. c4 c5 3. Nc3 d5 4. cxd5 Nxd5 5. e3 e6 6. Nxd5 exd5 7. b4 cxb4 8. Bb2 Nc6 9. Nd4 h5 10. Rc1 Rh6 11. Be2 Qa5 12. Nb3 Qa4 13. O-O Bf5 14. Ra1 h4 15. Bg4 Bd3 16. Re1 f5 17. Be2 Qa6 18. Bh5+ g6 19. Bf3 O-O-O 20. Bf6 Rd7 21. Qc1 Qc4 22. Qb2 Qc2 23. Qxc2 Bxc2 24. Rec1 Bxb3 25. axb3 Kb8 26. h3 Rhh7 27. Kf1 Be7 28. Bxe7 Rhxe7 29. Rc5 Ne5 30. Bxd5 Nd3 31. Rb5 a6 32. Rxa6 Nc5 33. Rxg6 Rxd5 34. d4 Rxd4 35. exd4 Nd3 36. g3 f4 37. Rg8+ Kc7 38. gxf4 1-0

[Event "FIDE Chesscom Grand Swiss 2019"]
[Site "Douglas-Isle of Man"]
[Date "2019.10.14"]
[Round "5.17"]
[White "Saduakassova, Dinara"]
[Black "Mareco, Sandro"]
[Result "1/2-1/2"]
[ECO "E05"]
[WhiteElo "2481"]
[BlackElo "2634"]
[Annotator "RC"]
[PlyCount "62"]
[EventDate "2019.10.10"]
[EventType "swiss"]
[EventCountry "GBR"]
[SourceTitle "playchess.com"]
[Source "ChessBase"]
[SourceQuality "1"]
[TimeControl "40/6000+30:20/3000+30:900+30"]

1. d4 Nf6 2. c4 e6 3. Nf3 d5 4. g3 Be7 5. Bg2 O-O 6. O-O dxc4 7. Qc2 a6 8. a4 Bd7 9. Qxc4 Bc6 10. Bf4 Bd6 11. Bg5 Nbd7 12. Nc3 h6 13. Bxf6 Nxf6 14. Rfe1 Bd5 15. Qd3 Bxf3 16. Bxf3 c6 17. Red1 Qa5 18. Qc4 Rad8 19. Rab1 Nd5 20. Ne4 Nb6 21. Qb3 Bb4 22. Ra1 Rfe8 23. Kg2 Bf8 24. e3 Rb8 25. Qc3 Bb4 26. Qc2 Nd7 27. Nd2 Qc7 28. Rac1 Rbd8 29. Ne4 a5 30. h4 Be7 31. Qb3 Qb6 1/2-1/2

[Event "FIDE Chesscom Grand Swiss 2019"]
[Site "Douglas-Isle of Man"]
[Date "2019.10.14"]
[Round "5.18"]
[White "Vidit, Santosh Gujrathi"]
[Black "Hovhannisyan, Robert"]
[Result "1/2-1/2"]
[ECO "D47"]
[WhiteElo "2718"]
[BlackElo "2639"]
[Annotator "RC"]
[PlyCount "226"]
[EventDate "2019.10.10"]
[EventType "swiss"]
[EventCountry "GBR"]
[SourceTitle "playchess.com"]
[Source "ChessBase"]
[SourceQuality "1"]
[TimeControl "40/6000+30:20/3000+30:900+30"]

1. d4 d5 2. c4 c6 3. Nc3 Nf6 4. e3 e6 5. Nf3 Nbd7 6. Bd3 dxc4 7. Bxc4 b5 8. Bd3 Bd6 9. Qc2 Bb7 10. e4 e5 11. Bg5 O-O 12. O-O-O h6 13. Bh4 Re8 14. Kb1 a5 15. dxe5 Nxe5 16. Nxe5 Bxe5 17. Bxb5 Qe7 18. Ba4 Bxc3 19. bxc3 g5 20. Bg3 Qxe4 21. f3 Qxc2+ 22. Kxc2 Nd5 23. Bf2 Re2+ 24. Rd2 Rae8 25. Rhd1 Rxf2 26. Rxf2 Ne3+ 27. Kc1 Nxd1 28. Kxd1 Ba6 29. f4 Re4 30. Bxc6 Rc4 31. Bd5 Rxc3 32. Bb3 Rd3+ 33. Kc1 a4 34. Bxa4 Rd4 35. Bb3 gxf4 36. Kc2 Bb7 37. Kc3 Re4 38. Bc2 Re5 39. Rxf4 Bxg2 40. Bb3 Bd5 41. Rg4+ Kf8 42. Kd4 Bxb3 43. Kxe5 Bxa2 44. Kf6 Be6 45. Rh4 Kg8 46. Rxh6 Bc4 47. Rh3 Be6 48. Rh4 Bb3 49. Rb4 Be6 50. Rb5 Kh7 51. Rh5+ Kg8 52. Ke7 Kg7 53. Rg5+ Kh6 54. Rg8 Kh7 55. Kf8 Bb3 56. Rg4 Be6 57. Rh4+ Kg6 58. Rh8 Bb3 59. Rh3 Be6 60. Rg3+ Kh7 61. Rg1 Kh8 62. Rg7 Bb3 63. Rg5 Kh7 64. Ke7 Be6 65. Kf6 Kh8 66. Ra5 Kh7 67. Ra8 Bd5 68. Rb8 Be6 69. Rb4 Kg8 70. Rb1 Kh7 71. Rc1 Kg8 72. Rg1+ Kh7 73. Rg2 Kh8 74. Rg5 Kh7 75. Ke7 Kh6 76. Rg1 Kh7 77. Kf8 Bb3 78. Rg4 Be6 79. Rb4 Ba2 80. Rb5 Be6 81. h4 Bc4 82. Rh5+ Kg6 83. Rc5 Be6 84. Kg8 f5+ 85. Kf8 Kh5 86. Ke7 Bg8 87. Kf6 Kxh4 88. Kxf5 Kg3 89. Rc7 Bd5 90. Rc3+ Kf2 91. Ke5 Ba8 92. Kd4 Bg2 93. Rc2+ Kf3 94. Ke5 Kg3 95. Rc3+ Kg4 96. Rc8 Kf3 97. Rg8 Bh3 98. Rf8+ Ke3 99. Ra8 Bg2 100. Ra3+ Ke2 101. Rb3 Bc6 102. Kd4 Bg2 103. Rb8 Kf3 104. Rg8 Bf1 105. Rf8+ Ke2 106. Re8+ Kf3 107. Re3+ Kf4 108. Re1 Bg2 109. Kd3 Bb7 110. Re7 Bg2 111. Kd4 Kf5 112. Rf7+ Ke6 113. Rg7 Bf3 1/2-1/2

[Event "FIDE Chesscom Grand Swiss 2019"]
[Site "Douglas-Isle of Man"]
[Date "2019.10.14"]
[Round "5.18"]
[White "Jumabayev, Rinat"]
[Black "Munguntuul, Batkhuyag"]
[Result "1-0"]
[ECO "B54"]
[WhiteElo "2630"]
[BlackElo "2421"]
[Annotator "RC"]
[PlyCount "79"]
[EventDate "2019.10.10"]
[EventType "swiss"]
[EventCountry "GBR"]
[SourceTitle "playchess.com"]
[Source "ChessBase"]
[SourceQuality "1"]
[TimeControl "40/6000+30:20/3000+30:900+30"]

1. e4 c5 2. Nf3 e6 3. d4 cxd4 4. Nxd4 Nc6 5. Nc3 d6 6. g4 Nge7 7. Be3 Nxd4 8. Qxd4 Nc6 9. Qd2 Be7 10. O-O-O a6 11. f4 b5 12. g5 Bb7 13. Rg1 Rc8 14. Kb1 Qa5 15. Bg2 b4 16. Ne2 O-O 17. h4 f5 18. exf5 Rxf5 19. Nd4 Nxd4 20. Bxb7 Rb8 21. Qxd4 Rxb7 22. Qe4 Rc7 23. Qxe6+ Rf7 24. h5 Qf5 25. Qb3 Kh8 26. Rd5 Qe6 27. Qd3 Bf8 28. f5 Qe8 29. f6 Rc6 30. h6 g6 31. Bd2 Rb7 32. Re1 Qf7 33. b3 Kg8 34. Ra5 Rbb6 35. Qd4 Qc7 36. Rf1 Qf7 37. Bxb4 Rb8 38. Bd2 Rbc8 39. Rc1 Qe6 40. Qd3 1-0

[Event "FIDE Chesscom Grand Swiss 2019"]
[Site "Douglas-Isle of Man"]
[Date "2019.10.14"]
[Round "5.22"]
[White "Erenberg, Ariel"]
[Black "Jones, Gawain C B"]
[Result "1/2-1/2"]
[ECO "D79"]
[WhiteElo "2463"]
[BlackElo "2688"]
[Annotator "RC"]
[PlyCount "84"]
[EventDate "2019.10.10"]
[EventType "swiss"]
[EventCountry "GBR"]
[SourceTitle "playchess.com"]
[Source "ChessBase"]
[SourceQuality "1"]
[TimeControl "40/6000+30:20/3000+30:900+30"]

1. d4 Nf6 2. c4 g6 3. g3 c6 4. Bg2 d5 5. cxd5 cxd5 6. Nc3 Bg7 7. Nf3 Ne4 8. Ne5 Nxc3 9. bxc3 O-O 10. O-O Nc6 11. Nxc6 bxc6 12. Qa4 Qb6 13. Ba3 Qa6 14. Qxa6 Bxa6 15. Rfb1 Rfe8 16. Bf1 Bf8 17. e3 Bxf1 18. Kxf1 Reb8 19. Ke2 e6 20. Bxf8 Kxf8 21. Kd3 Ke7 22. c4 Kd6 23. c5+ Kc7 24. h4 f6 25. f4 h5 26. Kc2 Rxb1 27. Rxb1 Rg8 28. Kd3 Kc8 29. Rb2 Rg7 30. Rb1 Rf7 31. Rg1 Rh7 32. Rb1 Rg7 33. Rg1 Rh7 34. Rb1 Rb7 35. Rxb7 Kxb7 36. Kc3 a5 37. Kb3 Ka7 38. Ka4 Ka6 39. a3 f5 40. Kb3 Kb5 41. a4+ Ka6 42. Kc3 Kb7 1/2-1/2

[Event "FIDE Chesscom Grand Swiss 2019"]
[Site "Douglas-Isle of Man"]
[Date "2019.10.14"]
[Round "5.24"]
[White "Piorun, Kacper"]
[Black "Harika, Dronavalli"]
[Result "1/2-1/2"]
[ECO "B21"]
[WhiteElo "2643"]
[BlackElo "2495"]
[Annotator "RC"]
[PlyCount "189"]
[EventDate "2019.10.10"]
[EventType "swiss"]
[EventCountry "GBR"]
[SourceTitle "playchess.com"]
[Source "ChessBase"]
[SourceQuality "1"]
[TimeControl "40/6000+30:20/3000+30:900+30"]

1. e4 c5 2. Be2 Nc6 3. f4 e6 4. Nf3 d5 5. d3 Nf6 6. e5 Ng8 7. c3 Nh6 8. Na3 Bd7 9. Nc2 Nf5 10. O-O h5 11. Qe1 Qb6 12. Rb1 a6 13. Qf2 Qa7 14. Rd1 g6 15. a3 b5 16. b3 Be7 17. Ne3 Nh6 18. h3 Bd8 19. d4 Bb6 20. Bb2 Nf5 21. Nxf5 exf5 22. Kh1 Be6 23. Ng5 cxd4 24. cxd4 Bd8 25. Nf3 Be7 26. b4 Nb8 27. Nd2 Nd7 28. Nb3 Nb6 29. Nc5 Kf8 30. Bc3 Kg7 31. Be1 Rad8 32. Rdc1 Rc8 33. Qe3 Qa8 34. Qb3 Qa7 35. Ra1 Qa8 36. Rd1 Rc6 37. a4 Nxa4 38. Nxa4 bxa4 39. Qxa4 Qc8 40. Bxa6 Qc7 41. Bd3 Qb6 42. b5 Rcc8 43. Qa7 Bd8 44. Bf1 Qxa7 45. Rxa7 Bb6 46. Raa1 Rc2 47. Ba5 Bxa5 48. Rxa5 Rb8 49. Rb1 Rf2 50. Kg1 Rxf4 51. b6 Rxd4 52. b7 Bd7 53. Ra8 Rxb7 54. Rxb7 Bc6 55. Ba6 Re4 56. Rd8 Bxb7 57. Bxb7 Rxe5 58. Bxd5 Re7 59. Kf2 Kf6 60. Kf3 Ra7 61. Ke3 h4 62. Rh8 Ke5 63. Bc4 g5 64. Rh6 Ra3+ 65. Kf2 f6 66. Rh8 Rc3 67. Be2 Rc2 68. Re8+ Kd6 69. Ke3 Rb2 70. Bd3 Kd7 71. Ra8 Rxg2 72. Bxf5+ Ke7 73. Ra7+ Kd6 74. Bg4 Rb2 75. Rf7 Ke5 76. Re7+ Kd5 77. Re8 Rb3+ 78. Ke2 Rb2+ 79. Kd3 Rb3+ 80. Kc2 Rg3 81. Kd2 Ra3 82. Bf5 Kd4 83. Ke2 Ra5 84. Re4+ Kc3 85. Be6 Rc5 86. Kf3 f5 87. Ra4 Re5 88. Ra6 Kd4 89. Ra4+ Kc3 90. Bf7 Kd3 91. Ra3+ Kd4 92. Bg6 Rc5 93. Bh5 Rc3+ 94. Rxc3 Kxc3 95. Bg4 1/2-1/2

[Event "FIDE Chesscom Grand Swiss 2019"]
[Site "Douglas-Isle of Man"]
[Date "2019.10.14"]
[Round "5.25"]
[White "Moiseenko, Alexander"]
[Black "Lei, Tingjie"]
[Result "1/2-1/2"]
[ECO "D35"]
[WhiteElo "2635"]
[BlackElo "2469"]
[Annotator "RC"]
[PlyCount "70"]
[EventDate "2019.10.10"]
[EventType "swiss"]
[EventCountry "GBR"]
[SourceTitle "playchess.com"]
[Source "ChessBase"]
[SourceQuality "1"]
[TimeControl "40/6000+30:20/3000+30:900+30"]

1. d4 Nf6 2. c4 e6 3. Nc3 d5 4. cxd5 Nxd5 5. e4 Nxc3 6. bxc3 c5 7. Rb1 Be7 8. Nf3 O-O 9. Bc4 Qc7 10. d5 exd5 11. Bxd5 Nd7 12. O-O Nf6 13. c4 Nxd5 14. cxd5 Bd6 15. Bb2 f6 16. Re1 Re8 17. h3 b5 18. Qc2 Qf7 19. Ba3 Bd7 20. Bb2 Qh5 21. Qe2 Re7 22. a4 a6 23. axb5 axb5 24. Ra1 Rae8 25. e5 Bxe5 26. Nxe5 Qxe2 27. Rxe2 fxe5 28. Ra7 Bf5 29. Rxe7 Rxe7 30. Rxe5 Rxe5 31. Bxe5 Kf7 32. Bd6 c4 33. Bb4 Be4 34. d6 Ke6 35. f3 Bd3 1/2-1/2

[Event "FIDE Chesscom Grand Swiss 2019"]
[Site "Douglas-Isle of Man"]
[Date "2019.10.14"]
[Round "5.26"]
[White "Soumya, Swaminathan"]
[Black "Alekseev, Evgeny"]
[Result "0-1"]
[ECO "C45"]
[WhiteElo "2365"]
[BlackElo "2629"]
[Annotator "RC"]
[PlyCount "66"]
[EventDate "2019.10.10"]
[EventType "swiss"]
[EventCountry "GBR"]
[SourceTitle "playchess.com"]
[Source "ChessBase"]
[SourceQuality "1"]
[TimeControl "40/6000+30:20/3000+30:900+30"]

1. e4 e5 2. Nf3 Nc6 3. d4 exd4 4. Nxd4 Nf6 5. Nxc6 bxc6 6. e5 Qe7 7. Qe2 Nd5 8. h4 a5 9. c4 Qb4+ 10. Nd2 Nf4 11. Qe4 Ne6 12. Rh3 a4 13. f4 g6 14. h5 Bb7 15. hxg6 fxg6 16. Rc3 Bc5 17. a3 Qb6 18. Nf3 Bf2+ 19. Kd1 c5 20. Qe2 Bd4 21. Rd3 O-O 22. g3 Rae8 23. Bg2 d6 24. Rb1 Qa6 25. b3 Qa8 26. bxa4 Bc6 27. Be3 dxe5 28. Bxd4 e4 29. Be5 exd3 30. Qe3 Qxa4+ 31. Ke1 Qc2 32. Rb2 Qxb2 33. Bxb2 Nxf4 0-1

[Event "FIDE Chesscom Grand Swiss 2019"]
[Site "Douglas-Isle of Man"]
[Date "2019.10.14"]
[Round "5.27"]
[White "Esipenko, Andrey"]
[Black "Cramling, Pia"]
[Result "1-0"]
[ECO "E11"]
[WhiteElo "2624"]
[BlackElo "2462"]
[Annotator "RC"]
[PlyCount "99"]
[EventDate "2019.10.10"]
[EventType "swiss"]
[EventCountry "GBR"]
[SourceTitle "playchess.com"]
[Source "ChessBase"]
[SourceQuality "1"]
[TimeControl "40/6000+30:20/3000+30:900+30"]

1. d4 Nf6 2. c4 e6 3. g3 Bb4+ 4. Bd2 c5 5. Bxb4 cxb4 6. Bg2 O-O 7. Nf3 d6 8. O-O Nc6 9. a3 Bd7 10. e3 a5 11. Qe2 Qb6 12. Rd1 Rfe8 13. axb4 Nxb4 14. Nc3 Qa6 15. b3 Bc6 16. e4 d5 17. e5 Nd7 18. Bf1 b6 19. Ng5 Qb7 20. cxd5 exd5 21. Qb2 f6 22. exf6 Nxf6 23. Nf3 Rac8 24. Ne5 Bd7 25. Rac1 Bf5 26. Nb5 Qb8 27. Rxc8 Rxc8 28. Rc1 h6 29. f3 Rxc1 30. Qxc1 Qc8 31. Qe3 Bd7 32. Nc3 Nc2 33. Qd2 Nb4 34. h4 Bh3 35. Bb5 Bd7 36. Bf1 Bh3 37. Be2 Bf5 38. g4 Bc2 39. Bb5 Qd8 40. Ba4 Nh7 41. Qf4 Qf8 42. Qh2 Qc8 43. Bd7 Qd8 44. Be6+ Kf8 45. Qf4+ Nf6 46. g5 hxg5 47. hxg5 Qe8 48. Nd7+ Ke7 49. Nxf6 Qd8 50. Qe5 1-0

[Event "FIDE Chesscom Grand Swiss 2019"]
[Site "Douglas-Isle of Man"]
[Date "2019.10.14"]
[Round "5.28"]
[White "Vocaturo, Daniele"]
[Black "Sebag, Marie"]
[Result "1-0"]
[ECO "D12"]
[WhiteElo "2620"]
[BlackElo "2445"]
[Annotator "RC"]
[PlyCount "103"]
[EventDate "2019.10.10"]
[EventType "swiss"]
[EventCountry "GBR"]
[SourceTitle "playchess.com"]
[Source "ChessBase"]
[SourceQuality "1"]
[TimeControl "40/6000+30:20/3000+30:900+30"]

1. d4 d5 2. c4 c6 3. Nf3 Nf6 4. e3 Bf5 5. Nc3 e6 6. Nh4 Bg6 7. Nxg6 hxg6 8. Qb3 Qc7 9. Bd2 Nbd7 10. O-O-O dxc4 11. Bxc4 b5 12. Be2 a6 13. Kb1 c5 14. g4 Be7 15. g5 Nh5 16. d5 c4 17. Qc2 e5 18. Ne4 Nc5 19. Bc3 Bd6 20. Bxe5 Bxe5 21. d6 Qb6 22. Nxc5 Qxc5 23. Qe4 O-O 24. Rd5 Qc6 25. Qxe5 Rae8 26. Qd4 Nf4 27. exf4 Rxe2 28. d7 Rd8 29. Rd1 Re7 30. a3 a5 31. Rd6 Qc7 32. f5 gxf5 33. g6 fxg6 34. Qd5+ Kf8 35. Qxb5 c3 36. Rc6 Qe5 37. Qxe5 Rxe5 38. Rxc3 Ke7 39. Rcd3 a4 40. R1d2 g5 41. Rd5 Re1+ 42. Rd1 Ke6 43. Rd6+ Ke5 44. Rxe1+ Kxd6 45. Kc2 Kc7 46. Rd1 Kc6 47. Kc3 Kc5 48. h3 g6 49. Rd4 Kb5 50. Rd5+ Kc6 51. Kc4 Kb6 52. Rd6+ 1-0

[Event "FIDE Chesscom Grand Swiss 2019"]
[Site "Douglas-Isle of Man"]
[Date "2019.10.14"]
[Round "5.29"]
[White "Vovk, Andriy"]
[Black "Ushenina, Anna"]
[Result "1-0"]
[ECO "C42"]
[WhiteElo "2618"]
[BlackElo "2431"]
[Annotator "RC"]
[PlyCount "85"]
[EventDate "2019.10.10"]
[EventType "swiss"]
[EventCountry "GBR"]
[SourceTitle "playchess.com"]
[Source "ChessBase"]
[SourceQuality "1"]
[TimeControl "40/6000+30:20/3000+30:900+30"]

1. e4 e5 2. Nf3 Nf6 3. Nxe5 d6 4. Nf3 Nxe4 5. Nc3 Nxc3 6. dxc3 Be7 7. Be3 Nc6 8. Qd2 Bf5 9. O-O-O Qd7 10. Bc4 Bf6 11. Bg5 O-O-O 12. Bxf6 gxf6 13. Nd4 Ne5 14. Be2 Rhg8 15. f4 Nc6 16. Nxf5 Qxf5 17. g3 d5 18. Bf3 Rd6 19. Rhe1 Rgd8 20. Qf2 Kb8 21. Rd3 a6 22. b3 Qd7 23. a3 Ne7 24. Qe2 Ng8 25. Red1 Ne7 26. Bg2 c6 27. Qh5 Ng6 28. c4 Qc7 29. cxd5 Qa5 30. Kb2 Rc8 31. b4 Qb5 32. c4 Qxc4 33. Rc3 Qb5 34. Rc5 Qb6 35. dxc6 Rxd1 36. Qxd1 Ka7 37. Qd7 Rc7 38. Qd8 bxc6 39. Bxc6 Qb8 40. Qd4 Qb6 41. a4 Rxc6 42. Qd7+ Qb7 43. Qxc6 1-0

[Event "FIDE Chesscom Grand Swiss 2019"]
[Site "Douglas-Isle of Man"]
[Date "2019.10.14"]
[Round "5.30"]
[White "Jobava, Baadur"]
[Black "Houska, Jovanka"]
[Result "1-0"]
[ECO "D35"]
[WhiteElo "2617"]
[BlackElo "2430"]
[Annotator "RC"]
[PlyCount "89"]
[EventDate "2019.10.10"]
[EventType "swiss"]
[EventCountry "GBR"]
[SourceTitle "playchess.com"]
[Source "ChessBase"]
[SourceQuality "1"]
[TimeControl "40/6000+30:20/3000+30:900+30"]

1. d4 d5 2. c4 e6 3. Nc3 Nf6 4. Bf4 Bb4 5. e3 O-O 6. Rc1 c5 7. dxc5 Ne4 8. cxd5 exd5 9. Nge2 Qh4 10. g3 Qh5 11. Bg2 Bg4 12. h3 Bxc3+ 13. bxc3 Bf3 14. g4 Qh4 15. O-O Bxg2 16. Kxg2 Na6 17. Nd4 Qf6 18. c6 bxc6 19. c4 Rac8 20. Qe2 c5 21. Nb5 d4 22. a3 Rcd8 23. Rfd1 g5 24. Bh2 d3 25. Qf3 Qg6 26. Qf5 d2 27. Rc2 Rd3 28. Bg1 Rfd8 29. Qxg6+ hxg6 30. f3 Nf6 31. e4 Ne8 32. Nc3 Nec7 33. Nd5 Ne6 34. Rcxd2 Nf4+ 35. Kg3 Ne2+ 36. Kh2 Rxd2 37. Rxd2 Nxg1 38. Ne7+ Kg7 39. Rxd8 Nxf3+ 40. Kg3 Ne5 41. Rg8+ Kh7 42. Ra8 Nxc4 43. Rxa7 Nb8 44. Rb7 Na6 45. Nc6 1-0

[Event "FIDE Chesscom Grand Swiss 2019"]
[Site "Douglas-Isle of Man"]
[Date "2019.10.14"]
[Round "5.31"]
[White "Hansen, Eric"]
[Black "Rakotomaharo, Fy Antenaina"]
[Result "1-0"]
[ECO "C93"]
[WhiteElo "2611"]
[BlackElo "2428"]
[Annotator "RC"]
[PlyCount "107"]
[EventDate "2019.10.10"]
[EventType "swiss"]
[EventCountry "GBR"]
[SourceTitle "playchess.com"]
[Source "ChessBase"]
[SourceQuality "1"]
[TimeControl "40/6000+30:20/3000+30:900+30"]

1. e4 e5 2. Nf3 Nc6 3. Bb5 a6 4. Ba4 Nf6 5. O-O Be7 6. Re1 b5 7. Bb3 d6 8. c3 O-O 9. h3 Bb7 10. d4 Re8 11. Nbd2 Bf8 12. a3 h6 13. Bc2 Nb8 14. b3 Nbd7 15. Bb2 g6 16. a4 c5 17. d5 Nh5 18. Bd3 Qb6 19. Bf1 Reb8 20. Qc2 Bg7 21. Ra2 Nf4 22. Rea1 Rf8 23. Bc1 f5 24. axb5 axb5 25. Rxa8 Bxa8 26. c4 fxe4 27. Nxe4 Bb7 28. Nfd2 bxc4 29. bxc4 Bc8 30. Ra8 Ba6 31. Rxf8+ Nxf8 32. Qa4 Kf7 33. Ba3 Bc8 34. Qa8 Bd7 35. Qb7 Qa5 36. Bb2 Kg8 37. Bc3 Qa4 38. Qb3 Qxb3 39. Nxb3 Ba4 40. Nbd2 Bd1 41. Nxd6 Ne2+ 42. Bxe2 Bxe2 43. f3 Nd7 44. Kf2 Bd1 45. N2e4 Bf8 46. Ke3 Bc2 47. Ba5 h5 48. Kd2 Bb3 49. Kd3 Be7 50. Nb7 Ba2 51. Kc3 Kg7 52. Bc7 Bb1 53. Nd2 Ba2 54. Kb2 1-0

[Event "FIDE Chesscom Grand Swiss 2019"]
[Site "Douglas-Isle of Man"]
[Date "2019.10.14"]
[Round "5.32"]
[White "Nihal Sarin"]
[Black "Zatonskih, Anna"]
[Result "1-0"]
[ECO "D58"]
[WhiteElo "2610"]
[BlackElo "2422"]
[Annotator "RC"]
[PlyCount "49"]
[EventDate "2019.10.10"]
[EventType "swiss"]
[EventCountry "GBR"]
[SourceTitle "playchess.com"]
[Source "ChessBase"]
[SourceQuality "1"]
[TimeControl "40/6000+30:20/3000+30:900+30"]

1. Nf3 d5 2. d4 e6 3. c4 Nf6 4. Nc3 Be7 5. Bg5 h6 6. Bxf6 Bxf6 7. e3 b6 8. Qc2 Bb7 9. cxd5 exd5 10. O-O-O O-O 11. Kb1 Nd7 12. h4 c5 13. g4 cxd4 14. exd4 Be7 15. g5 h5 16. Bh3 g6 17. Rhe1 Re8 18. Bxd7 Qxd7 19. Ne5 Qe6 20. Nb5 Bd8 21. Nxf7 Qxe1 22. Qxg6+ Kf8 23. Qh6+ Kg8 24. Qh8+ Kxf7 25. Nd6+ 1-0